 Dungeon Crawl Stone Soup version 0.22.0-38-g04b72b8 (webtiles) character file.

3364 Lew the Slasher (level 9, -2/80 HPs)
             Began as a Minotaur Fighter on Aug 29, 2018.
             Was an Elder of Okawaru.
             Succumbed to a gnoll sergeant zombie's poison
             ... on level 6 of the Dungeon.
             The game lasted 00:19:32 (7978 turns).

Lew the Slasher (Minotaur Fighter)                  Turns: 7978, Time: 00:19:33

Health: -2/80      AC:  9    Str: 20      XL:     9   Next: 73%
Magic:  19/19      EV: 14    Int:  3 (5)  God:    Okawaru [****..]
Gold:   321        SH: 11    Dex: 16 (18) Spells: 8/8 levels left

rFire    + + .     SeeInvis .   m - +0 scimitar
rCold    + + +     Gourm    .   c - +0 shield
rNeg     . . .     Faith    .   t - +1 robe "Qataosch" {rC++ Dex+4}
rPois    +         Spirit   .   (helmet restricted)
rElec    +         Reflect  .   y - +2 cloak
rCorr    +         Harm     .   (no gloves)
MR       .....                  x - +1 pair of boots
Stlth    +.........             (no amulet)
HPRegen  0.23/turn              n - ring of magical power
MPRegen  0.16/turn              (no ring)

@: lethally poisoned (-2 -> -43), resistant, very slightly contaminated
A: retaliatory headbutt, horns 2, fire resistance 1, wild magic 1
a: Heroism, Renounce Religion


You were on level 6 of the Dungeon.
You worshipped Okawaru.
Okawaru was greatly pleased with you.
You were not hungry.

You visited 2 branches of the dungeon, and saw 7 of its levels.

You collected 470 gold pieces.
You spent 149 gold pieces at shops.

Inventory:

Hand Weapons
 m - a +0 scimitar (weapon)
Armour
 b - a +0 scale mail
 c - a +0 shield (worn)
 t - the +1 robe "Qataosch" (worn) {rC++ Dex+4}
   (You found it on level 4 of the Dungeon)

   It affects your dexterity (+4).
   It greatly protects you from cold.
 x - a +1 pair of boots (worn)
 y - a +2 cloak (worn)
Jewellery
 n - a ring of magical power (left hand)
Wands
 v - a wand of digging (16)
 w - a wand of random effects (36)
 B - a wand of polymorph (12)
Scrolls
 a - 3 scrolls of immolation {unknown}
 g - 3 scrolls of enchant weapon
 h - a scroll of noise
 j - 2 scrolls of identify
 l - a scroll of fear
 o - 2 scrolls of amnesia
 p - 4 scrolls of teleportation
 r - 3 scrolls of remove curse
Potions
 d - a potion of resistance
 e - 2 potions of agility
Comestibles
 f - 3 rations


   Skills:
 + Level 7.7 Fighting
 * Level 7.7 Long Blades
 + Level 7.6 Armour
 + Level 6.0 Dodging
 + Level 7.6 Shields
 * Level 3.4 Invocations
 * Level 3.2 Evocations


You had 8 spell levels left.
You didn't know any spells.
Your spell library was empty.

Dungeon Overview and Level Annotations

Branches:
Dungeon (6/15)             Temple (1/1) D:4

Altars:
Cheibriados
Dithmenos
Elyvilon
Fedhas
Gozag
Hepliaklqana
Kikubaaqudgha
Makhleb
Nemelex Xobeh
Okawaru
Qazlal
Ru
Sif Muna
Trog
Uskayaw
Wu Jian
Xom
Yredelemnul
Zin
The Shining One

Shops:
D:4 ?


Innate Abilities, Weirdness & Mutations

You reflexively headbutt those who attack you in melee.
You have a pair of horns on your head.
Your flesh is heat resistant. (rF+)
Your spells are a little harder to cast, but a little more powerful.


Message History

The gnoll sergeant zombie hits you but does no damage.
* * * LOW HITPOINT WARNING * * *
You feel very sick.
The gnoll sergeant zombie hits you with a trident of venom.
* * * LOW HITPOINT WARNING * * *
Things that are here:
a short sword of venom; a giant club of venom Blink to where?
Press: ? - help, Dir - move target cursor You are very lightly contaminated with residual magic.
As you read the scroll of blinking, it crumbles to dust.
* * * LOW HITPOINT WARNING * * *
You feel very sick.
You enter the transporter and appear at another place.
* * * LOW HITPOINT WARNING * * *
You feel very sick.
You feel extremely strange.
You feel frail.
You feel clumsy.
You feel resistant to heat.
You feel less in control of your magic.
You die...

#......##.........
#......##.........
##.....##.........
#.#######.........
###.#§§§§§########..
#...#§§§§§#§..§§.#..
#.###§§§§§#§.§§§§#..
#...#[$.§§§Z#.#.§#..
#..@#§?.§Z§.).©.§#©.
##..#$$.§§§.#.#.§#..
####§§§§.#§.§§§§#..
##§.§§§#§§§.§§#..
#§§§§§########..
########..##.....
#................
#######..##......
##.....#...


You could see a gnoll sergeant zombie.

Vanquished Creatures
  2 dancing weapons (D:6)
  Prince Ribbit (D:5)
  Menkaure (D:5)
  Duvessa (D:4)
  2 orc warriors (D:6)
  2 ice beasts (D:5)
  A sky beast (D:5)
  A phantom (D:6)
  A centaur (D:6)
  2 bullfrogs (D:6)
  A gnoll sergeant (D:6)
  A scorpion (D:6)
  A water moccasin skeleton (D:6)
  Dowan (D:4)
  A howler monkey (D:5)
  A crimson imp (D:6)
  A gnoll shaman (D:5)
  A bullfrog skeleton (D:6)
  2 hounds
  Crazy Yiuf (D:3)
  A centaur skeleton (D:4)
  A jelly (D:6)
  2 orc priests (D:6)
  3 orc wizards (D:6)
  A worker ant (D:4)
  An ogre zombie (D:6)
  11 adders
  7 gnolls
  An orc zombie (D:6)
  4 oozes
  An adder zombie (D:5)
  An adder skeleton (D:5)
  6 worms
  4 dart slugs (D:2)
  7 leopard geckos
  9 orcs
  3 giant cockroaches
  6 goblins
  6 hobgoblins
  2 jackals (D:1)
  5 quokkas
  4 ball pythons
  4 bats
  4 frilled lizards
  2 jackal skeletons
  6 kobolds
  9 rats
136 creatures vanquished.

Vanquished Creatures (others)
  A leopard gecko (D:4)
1 creature vanquished.

Grand Total: 137 creatures vanquished

Notes
Turn   | Place    | Note
-------+----------+-------------------------------------------
     0 | D:1      | Lew the Minotaur Fighter began the quest for the Orb.
     0 | D:1      | Reached XP level 1. HP: 19/19 MP: 0/0
    60 | D:1      | Reached XP level 2. HP: 26/27 MP: 1/1
   434 | D:2      | Reached skill level 1 in Dodging
   437 | D:2      | Reached XP level 3. HP: 23/33 MP: 2/2
   666 | D:3      | Found a glowing silver altar of Zin.
   751 | D:3      | Reached XP level 4. HP: 39/40 MP: 3/3
   850 | D:4      | Found a sacrificial altar of Ru.
   885 | D:4      | Found Narhouq's Magic Scroll Boutique.
   893 | D:4      | Bought a scroll of enchant weapon for 97 gold pieces
   893 | D:4      | Bought a scroll of remove curse for 39 gold pieces
   893 | D:4      | Bought a scroll of random uselessness for 13 gold pieces
   908 | D:4      | Got a faintly glowing robe
   919 | D:4      | Identified the +1 robe "Qataosch" {rC++ Dex+4} (You found it on level 4 of the Dungeon)
   987 | D:4      | Noticed Duvessa
   988 | D:4      | Noticed Dowan
  1001 | D:4      | HP: 1/40 [Duvessa/short sword (9)]
  1001 | D:4      | Killed Dowan
  1001 | D:4      | Reached XP level 5. HP: 2/47 MP: 4/4
  1522 | D:4      | Found a staircase to the Ecumenical Temple.
  1540 | Temple   | Entered the Ecumenical Temple
  1637 | Temple   | Became a worshipper of Warmaster Okawaru
  2672 | D:3      | Found a runed door.
  2748 | D:3      | Found a bloodstained altar of Trog.
  3157 | D:3      | Reached XP level 6. HP: 55/55 MP: 5/5
  3402 | D:3      | Noticed Crazy Yiuf
  3408 | D:3      | Killed Crazy Yiuf
  3408 | D:3      | Reached skill level 5 in Shields
  3468 | D:4      | Found a shadowy altar of Dithmenos.
  3591 | D:4      | Found a glowing golden altar of the Shining One.
  3625 | D:4      | Found a basalt altar of Yredelemnul.
  3715 | D:4      | You fall through a shaft for 2 floors!
  3725 | D:6      | Found a sparkling altar of Nemelex Xobeh.
  3731 | D:6      | Reached skill level 5 in Fighting
  3735 | D:6      | Reached skill level 5 in Armour
  3779 | D:6      | HP: 2/56 [phantom (1)]
  3781 | D:6      | Reached XP level 7. HP: 2/61 MP: 6/6
  4045 | D:6      | Reached * piety under Okawaru
  4047 | D:5      | Entered Level 5 of the Dungeon
  4306 | D:6      | Gained mutation: You are robust. (+10% HP) [potion of mutation]
  4306 | D:6      | Gained mutation: You are agile. (Dex +2) [potion of mutation]
  4313 | D:6      | Reached skill level 5 in Long Blades
  4672 | D:5      | Noticed Prince Ribbit
  4681 | D:5      | Killed Prince Ribbit
  4681 | D:5      | Reached XP level 8. HP: 44/77 MP: 7/7
  4860 | D:4      | Killed Duvessa
  5551 | D:4      | Noticed a profane servitor
  5561 | D:4      | Noticed an angel
  5890 | D:5      | Reached ** piety under Okawaru
  6040 | D:5      | Noticed Menkaure
  6045 | D:5      | Killed Menkaure
  6098 | D:5      | Reached skill level 5 in Dodging
  6907 | D:6      | Found a hide-covered altar of Uskayaw.
  6909 | D:6      | Noticed a hand axe
  6909 | D:6      | Noticed a hand axe
  7213 | D:6      | Killed a hand axe
  7213 | D:6      | Reached *** piety under Okawaru
  7213 | D:6      | Reached XP level 9. HP: 66/86 MP: 7/9
  7252 | D:6      | Killed a hand axe
  7252 | D:6      | Reached **** piety under Okawaru
  7689 | D:6      | Found a transporter.
  7713 | D:6      | Found a shimmering altar of Xom.
  7753 | D:6      | Found a transporter.
  7977 | D:6      | HP: 2/88 [poisoned by a gnoll sergeant zombie]
  7978 | D:6      | Lost mutation: You are robust. (+10% HP) [potion of mutation]
  7978 | D:6      | Lost mutation: You are agile. (Dex +2) [potion of mutation]
  7978 | D:6      | Gained mutation: Your flesh is heat resistant. (rF+) [potion of mutation]
  7978 | D:6      | Gained mutation: Your spells are a little harder to cast, but a little more powerful. [potion of mutation]
  7978 | D:6      | Succumbed to a gnoll sergeant zombie's poison

Skill      XL: |  1  2  3  4  5  6  7  8  9 |
---------------+----------------------------+-----
Dodging        | 1 2 3 4 5 6 |  6.0
Shields        | 4 5 6 7 |  7.6
Fighting       | 4 5 6 7 |  7.7
Long Blades    | 3 4 5 7 |  7.7
Armour         | 4 5 6 7 |  7.6
Invocations    | 2 3 |  3.4
Evocations     | 2 3 |  3.2

Action                   |  1- 3 |  4- 6 |  7- 9 || total
-------------------------+-------+-------+-------++-------
Melee: Long sword        |    74 |   118 |    86 ||   278
       Headbutt          |    11 |    35 |    51 ||    97
       Scimitar          |       |       |   113 ||   113
Evoke: Wand              |       |       |     6 ||     6
  Use: Potion            |       |     1 |    13 ||    14
       Scroll            |       |       |    16 ||    16
 Stab: Sleeping          |       |     5 |     2 ||     7
       Invisible         |       |       |     2 ||     2
  Eat: Chunk             |       |     4 |     2 ||     6
       Ration            |       |     1 |     4 ||     5
Armor: Scale mail        |    29 |     2 |       ||    31
       Robe              |       |    13 |    35 ||    48
Dodge: Dodged            |    40 |    52 |    79 ||   171
Block: Shield            |    51 |    59 |   110 ||   220
       Rpst.: Long sword |    11 |    16 |     6 ||    33
       Scimitar          |       |       |     6 ||     6
